 Dungeon Crawl Stone Soup version 0.31-a0-183-g4352c244c2 (webtiles) character file.

Game seed: 7498853488529588099

179 Hajna the Chopper (level 5, 0/47 HPs)
             Began as a Hill Orc Monk on June 21, 2023.
             Slain by Grinder (4 damage)
             ... while paralysed by Grinder
             ... on level 3 of the Dungeon.
             The game lasted 00:06:49 (2476 turns).

Hajna the Chopper (Hill Orc Monk)                   Turns: 2476, Time: 00:06:49

Health: 0/47       AC:  8    Str: 22    XL:     5   Next: 59%
Magic:  0/5        EV:  2    Int: 10    God:
Gold:   96         SH:  0    Dex: 13    Spells: 4/4 levels left

rFire   x . .        a - +0 hand axe
rCold   + . .        d - orb {light}
rNeg    . . .        i - +0 scale mail
rPois   .            (no helmet)
rElec   .            (no cloak)
rCorr   .            s - +1 pair of gloves
SInv    .            (no boots)
Will    .....        e - amulet of guardian spirit Stlth
                     n - ring of ice
HPRegen 0.27/turn    y - +6 ring of strength
MPRegen 0.09/turn

%: guardian spirit
@: paralysed, on berserk cooldown, attractive, hasted, glowing
A: no striking features
a: no special abilities


You were on level 3 of the Dungeon.
You visited 1 branch of the dungeon, and saw 3 of its levels.

You collected 96 gold pieces.

Inventory:

Hand Weapons
 a - a +0 hand axe (weapon)
Armour
 b - a +0 robe
 d - an orb of light (worn)
 h - a +0 leather armour
 i - a +0 scale mail (worn)
 q - a +0 ring mail
 s - a +1 pair of gloves (worn)
Jewellery
 e - an amulet of guardian spirit (around neck)
 n - a ring of ice (left hand)
 y - a +6 ring of strength (right hand)
Scrolls
 f - 2 scrolls of immolation
 j - a scroll of noise {unknown}
 t - 2 scrolls of enchant armour
 v - a scroll of vulnerability {unknown}
 w - a scroll of amnesia
Potions
 c - a potion of ambrosia
 k - a potion of berserk rage
 l - 2 potions of lignification
 o - 2 potions of resistance
 r - a potion of cancellation


   Skills:
 + Level 4.7 Fighting
 + Level 6.4 Axes
 + Level 1.7 Armour
 + Level 2.9 Dodging


You had 4 spell levels left.
You didn't know any spells.
Your spell library contained the following spells:

 Spells                   Type           Power      Damage    Failure   Level
 Sandblast                Erth           0%         2d4       71%         1
 Passwall                 Tmut/Erth      0%         N/A       83%         2
 Gell's Gravitas          Tloc           0%         N/A       97%         3
 Stone Arrow              Conj/Erth      0%         3d7       97%         3
 Teleport Other           Tloc           0%         N/A       97%         3
 Dispersal                Tloc           0%         N/A       100%        6


Dungeon Overview and Level Annotations

Branches:
Dungeon (3/15)

Altars:
Trog

Annotations:
D:3 Grinder


Message History

It was a potion of cancellation.
Your magical effects are unravelling.
You feel magically purged.
You feel yourself speed up.
Your resistance to elements expires.
Grinder hits you.
You writhe in agony.
It was a potion of attraction.
You feel attractive to monsters. Grinder closely misses you.
It was a potion of haste.
You feel yourself speed up. Grinder hits you but does no damage.
You completely miss Grinder.
Grinder is moderately wounded.
Grinder blinks!
Grinder is attracted toward you.
You slash Grinder!
Grinder is heavily wounded.
Grinder barely misses you.
You hit Grinder but do no damage.
Grinder is heavily wounded.
You hit Grinder but do no damage.
Grinder is heavily wounded.
Grinder hits you but does no damage.
You closely miss Grinder.
Grinder is heavily wounded.
Grinder hits you.
You writhe in agony.
You hit Grinder.
Grinder is heavily wounded.
You barely miss Grinder.
Grinder is heavily wounded.
Grinder gestures at you.
You suddenly lose the ability to move!
Grinder hits you.
* * * LOW HITPOINT WARNING * * *
You writhe in agony.
* * * LOW HITPOINT WARNING * * *
Grinder hits you.
* * * LOW HITPOINT WARNING * * *
You writhe in agony.
* * * LOW HITPOINT WARNING * * *
Grinder hits you.
You die...

######........# #.##.###..##.#
#. ......#####.### #.##.#
#..#..# #. #####.# #.# ###.##.#
#..#.## ## #.# #.#
#...##.###..#.# #.# #.#
#.####.##...#.##### #.# #.# #.#
#.##.......... #.# #.# #.#
#.##.###.####. #.#####.###.##
#.##.# #.# #.
#...........@###.##.###.## #.
#..####....5.....##.##...###.
#..# #####..######.#.....##.
#####..# #...................##
#......#####.###..#####........#
#.###........###..# #........#
#.# #..##.........# #.#.....##
#.# #..##.#####...# #.##....#
#.# #..#...####5..# #.##.##.#


You could see Grinder.

Vanquished Creatures
  Natasha (thrice) (D:3)
  5 adders
  A worm (D:2)
  A dart slug (D:1)
  An orc (D:3)
  5 endoplasms
  3 giant cockroaches
  3 goblins
  4 hobgoblins
  2 jackals (D:1)
  5 kobolds
  2 quokkas (D:1)
  4 ball pythons
  8 bats
  3 frilled lizards (D:1)
  6 rats
56 creatures vanquished.

Notes
Turn   | Place    | Note
-------+----------+-------------------------------------------
     0 | D:1      | Hajna the Hill Orc Monk began the quest for the Orb.
     0 | D:1      | Reached XP level 1. HP: 19/19 MP: 1/1
    80 | D:1      | Reached XP level 2. HP: 27/27 MP: 2/2
   346 | D:1      | Reached XP level 3. HP: 33/33 MP: 3/3
   494 | D:1      | Found a bloodstained altar of Trog.
   787 | D:2      | Reached skill level 5 in Axes
  1001 | D:2      | Reached XP level 4. HP: 41/41 MP: 4/4
  1269 | D:2      | Reached skill level 1 in Armour
  1826 | D:3      | Noticed Grinder
  1855 | D:3      | Noticed Natasha
  2043 | D:3      | Killed Natasha
  2044 | D:3      | Reached skill level 6 in Axes
  2044 | D:3      | Reached XP level 5. HP: 43/47 MP: 5/5
  2121 | D:3      | Noticed Natasha
  2127 | D:3      | Killed Natasha
  2382 | D:3      | Noticed Natasha
  2392 | D:3      | Killed Natasha
  2435 | D:3      | Paralysed by Grinder for 3 turns
  2454 | D:3      | Paralysed by Grinder for 2 turns
  2473 | D:3      | Paralysed by Grinder for 5 turns
  2476 | D:3      | Slain by Grinder

Illustrated notes

Levels and vault maps discovered:
D:1:      psy_arrival_dodecagon, layout_loops_ring, minmay_hexomino_r4
D:2:      layout_basic, minmay_misc_feat_plants
D:3:      layout_loops_ring, uniq_grinder, uniq_natasha

Skill      XL: |  1  2  3  4 |
---------------+-------------+-----
Fighting       | 4 |  4.7
Axes           | 5 6 |  6.4
Armour         | 1 |  1.7
Dodging        | |  2.9

Action                     |  1- 3 |  4- 6 || total
---------------------------+-------+-------++-------
  Melee: Hand axe          |   106 |    83 ||   189
    Use: Scroll            |       |     9 ||     9
         Potion            |       |     7 ||     7
 Armour: Robe              |     6 |       ||     6
         Scale mail        |    17 |    28 ||    45
         Leather armour    |     4 |       ||     4
  Dodge: Dodged            |    57 |    38 ||    95

Table legend: (Time is in decaauts)
 A = Elapsed time spent in this place.
 B = Non-inter-level travel time spent in this place.
 C = Inter-level travel time spent in this place.
 D = Time resting spent in this place.
 E = Time spent auto-exploring this place.
 F = Levels seen in this place.
 G = Mean time per level.
                   A        B        C        D        E       F      G
               +--------+--------+--------+--------+--------+-----+--------+
         Total |   2500 |   2410 |     90 |      0 |   1905 |   3 |  833.3 |
       Dungeon |   2500 |   2410 |     90 |      0 |   1905 |   3 |  833.3 |
               +--------+--------+--------+--------+--------+-----+--------+

Top non-repeatable levels by time:
     D:2: 1034 daAuts
     D:3: 785 daAuts
     D:1: 680 daAuts
